 Dungeon Crawl Stone Soup version 0.30-a0-585-g93115170b9 (webtiles) character file.

Game seed: 5263888464881786863

4690 Persephone the Marksminotaur (level 10, -9/71 HPs)
             Began as a Minotaur Hunter on Jan 1, 2023.
             Was a Priest of Hepliaklqana.
             Mangled by an orc warrior
             ... wielding a +0 trident
              (12 damage)
             ... in a bailey.
             The game lasted 00:16:41 (6620 turns).

Persephone the Marksminotaur (Minotaur Hunter)      Turns: 6620, Time: 00:16:41

Health: -9/71      AC:  9    Str: 21    XL:     10   Next: 21%
Magic:  9/9        EV: 14    Int:  4    God:    Hepliaklqana [***...]
Gold:   485        SH:  0    Dex: 19    Spells: 9/9 levels left

rFire   . . .      SeeInvis +    a - +0 shortbow (heavy)
rCold   . . .      Faith    .    (shield currently unavailable)
rNeg    . . .      Spirit   .    p - +3 leather armour "Mazion Hem" {Harm rPois Will+++ Int-2}
rPois   +          Reflect  .    (helmet restricted)
rElec   .          Harm     +    l - +0 cloak
rCorr   .          Rampage  .    y - +1 pair of gloves
Will    +++..                    (no boots)
Stlth   +                        (no amulet)
HPRegen 0.31/turn                e - ring of see invisible
MPRegen 0.11/turn                x - +6 ring of strength

@: hasted, slow
A: reduced essence, horns 2, retaliatory headbutt
a: Renounce Religion, Recall Ancestor, Ancestor Identity, Transference


You were in a bailey.
You worshipped Hepliaklqana.
Hepliaklqana was most pleased with you.
You visited 1 branch of the dungeon, and saw 8 of its levels.
You also visited: Sewer and Bailey.

You collected 485 gold pieces.

Inventory:

Hand Weapons
 a - a +0 heavy shortbow (weapon)
Armour
 c - a +1 leather armour
 l - a +0 cloak (worn)
 p - the +3 leather armour "Mazion Hem" (worn) {Harm rPois Will+++ Int-2}
   (You found it on level 4 of the Dungeon)

   Int:       It affects your intelligence (-2).
   rPois:     It protects you from poison.
   Harm:      It increases damage dealt and taken.
   Will:      It greatly increases your willpower.
 y - a +1 pair of gloves (worn)
Jewellery
 e - a ring of see invisible (left hand)
 x - a +6 ring of strength (right hand)
Wands
 o - a wand of flame (29)
Scrolls
 b - 2 scrolls of immolation
 d - a scroll of fog
 h - 3 scrolls of amnesia
 j - 2 scrolls of identify
 n - 6 scrolls of teleportation
 u - a scroll of silence {unknown}
 v - 2 scrolls of magic mapping {unknown}
 w - 3 scrolls of blinking {unknown}
Potions
 f - 3 potions of attraction
 g - 2 potions of mutation
 i - a potion of heal wounds
 k - 3 potions of haste
 m - 4 potions of flight
 q - 2 potions of cancellation {unknown}
 r - 6 potions of curing {unknown}
 s - a potion of brilliance {unknown}
 t - a potion of berserk rage {unknown}
 z - 2 potions of degeneration {unknown}
 A - a potion of magic {unknown}


   Skills:
 + Level 4.2 Fighting
 - Level 16.0 Ranged Weapons
 + Level 3.9 Dodging
 - Level 0.7 Stealth


You had 9 spell levels left.
You didn't know any spells.
Your spell library contained the following spells:

 Spells                   Type           Power      Damage    Failure   Level
 Apportation              Tloc           0%         N/A       54%         1
 Necrotise                Necr           0%         1d4       54%         1
 Shock                    Conj/Air       0%         1d3       54%         1
 Summon Small Mammal      Summ           0%         N/A       54%         1
 Gell's Gravitas          Tloc           0%         N/A       89%         3
 Lesser Beckoning         Tloc           0%         N/A       89%         3
 Swiftness                Air            0%         N/A       89%         3
 Teleport Other           Tloc           0%         N/A       89%         3
 Tukima's Dance           Hex            0%         N/A       89%         3
 Airstrike                Air            0%         2d(0-16)  100%        4
 Passage of Golubria      Tloc           0%         N/A       100%        4
 Yara's Violent Unravell  Hex/Tmut       0%         3d3       100%        5


Dungeon Overview and Level Annotations

Branches:
Dungeon (8/15)             Temple (0/1) D:5           Sewer (visited)
 Bailey (1/1)
   Lair: D:8-11

Altars:
Cheibriados
Hepliaklqana
Nemelex Xobeh
Okawaru
Qazlal
Sif Muna
Wu Jian
Xom
Zin

Shops:
D:1 :


Innate Abilities, Weirdness & Mutations

Your life essence is reduced to manifest your ancestor. (-10% HP)
You have a pair of horns on your head.
You reflexively headbutt those who attack you in melee.


Message History

Gang up on whom?
Press: ? - help, Dir - move target, f - orc knight, p - orc warrior
Aim: an orc knight, wielding a +0 halberd and wearing a +0 ring mail (wandering, hasn't noticed you) Attack!
The orc knight shouts!
The orc knight roars a battlecry!
The orc warriors go into a battle-frenzy!
You feel yourself speed up.
The orc warrior hits you from afar with a +0 glaive!!
An orc knight comes into view. It is wielding a +0 halberd.
Fire: a) +0 shortbow (heavy)
Press: ? - help, Shift-Dir - straight line, f/p - orc knight
Aim: an orc knight, wielding a +0 halberd and wearing a +0 ring mail (ally target, 65% to hit)
You shoot an arrow.
The arrow hits the orc warrior but does no damage.
The orc warrior closely misses you. The orc warrior misses you.
Fire: a) +0 shortbow (heavy)
Press: ? - help, Shift-Dir - straight line, f/p - orc knight
Aim: an orc knight, wielding a +0 halberd and wearing a +0 ring mail (ally target, 65% to hit)
You shoot an arrow.
The arrow barely misses the orc warrior.
The arrow hits the orc knight but does no damage.
Fire: a) +0 shortbow (heavy)
Press: ? - help, Shift-Dir - straight line, f/p - orc knight
Aim: an orc knight, wielding a +0 halberd and wearing a +0 ring mail (ally target, 65% to hit)
You shoot an arrow.
The arrow hits the orc warrior but does no damage.
The orc warrior hits you from afar with a +0 glaive!!
Ouch! That really hurt!
* * * LOW HITPOINT WARNING * * *
The orc warrior barely misses you.
Artakama hits the orc knight with a +0 flail!
Fire: a) +0 shortbow (heavy)
Press: ? - help, Shift-Dir - straight line, f/p - orc knight
Aim: an orc knight, wielding a +0 halberd and wearing a +0 ring mail (lightly wounded, ally target, 65% to hit)
You shoot an arrow. Artakama avoids your attack.
The arrow hits the orc knight.
The orc knight is moderately wounded.
The orc warrior misses you.
The orc warrior hits you from afar with a +0 trident!
You die...

.................................
....~≈≈≈≈≈~~~~~~~~~~~~~~~~~≈≈≈≈≈~
....≈≈###≈≈~~~~~~~~~~~~~~~≈≈###≈≈
....≈##.##≈~~~~~~~~~~~~~~~≈##.##≈
....≈#....~~~~~~~~~~~~~~~~)))..#≈
....≈##)∩#≈~~~~~~~~~~~~~~~≈#∩.##≈
....≈≈#)##≈~~~~#######~~~~≈##.#≈≈
....~≈≈~≈≈≈~~~##~~~~##~~~~≈≈≈~≈≈~
....~~~~~~~~~##~@~~~##~~~~~~~~~~~
....~~~~~~~~##~~#'R'##~~~~~~~~~~~
....~~~~~~~~#~~##ooo##~~##~~~~~~~
....~~~~~~~##~####'####~##~~~~~~~
....~~~~~~~##~'.# o.#.)~##~~~~~~~
....~~~~~~~##~### 8.###~##~~~~~~~
....~~~~~~~##~'.# )#.)~##~~~~~~~
....~~~~~~~##)#########~##~~~~~~~
....~~~~~~~~#~~##.#.##~~#~~~~~~~~


You could see the friendly Artakama the knight, 2 orc knights and 2 orc
warriors.

Vanquished Creatures
  Grinder (D:3)
  A hornet (D:7)
  Eustachio (D:6)
  Edmund (D:4)
  2 water moccasins
  An ice beast (D:6)
  A black bear (D:7)
  8 orc warriors (Bailey)
  An ogre (D:6)
  A centaur (D:7)
  2 phantoms
  2 bullfrogs
  A kobold brigand (D:6)
  2 scorpions
  3 wights (D:6)
  2 howler monkeys (D:5)
  A hound (D:4)
  Crazy Yiuf (D:6)
  5 orc priests
  A gnoll bouda (D:5)
  3 jellies
  5 iguanas
  Natasha (D:2)
  A merfolk siren (Sewer)
  4 orc wizards
  A merfolk avatar (Sewer)
  12 adders
  7 gnolls
  2 river rats (Sewer)
  3 shadow imps
  An ufetubus (D:4)
  A worm (D:4)
  3 dart slugs
  28 orcs
  6 endoplasms
  12 giant cockroaches
  3 goblins
  2 hobgoblins
  3 jackals (D:4)
  7 quokkas
  17 ball pythons
  6 bats
  6 frilled lizards
  11 kobolds
  34 rats
217 creatures vanquished.

Vanquished Creatures (collateral kills)
  A water moccasin (D:5)
  2 orc warriors
  2 ice beasts
  2 sky beasts
  2 phantoms (D:7)
  A necrophage (D:7)
  A howler monkey (D:7)
  An orc priest (D:7)
  2 hounds
  An adder (D:5)
  A white imp (D:6)
  10 orcs
  A kobold (D:6)
  2 ball pythons (D:4)
29 creatures vanquished.

Vanquished Creatures (others)
  An ancestor (D:5)
1 creature vanquished.

Grand Total: 247 creatures vanquished

Notes
Turn   | Place    | Note
-------+----------+-------------------------------------------
     0 | D:1      | Persephone the Minotaur Hunter began the quest for the Orb.
     0 | D:1      | Reached XP level 1. HP: 18/18 MP: 0/0
   151 | D:1      | Reached XP level 2. HP: 25/25 MP: 1/1
   162 | D:1      | Reached skill level 5 in Ranged Weapons
   466 | D:1      | Found Caonubysh's Book Emporium.
   734 | D:2      | Reached XP level 3. HP: 30/30 MP: 2/2
  1153 | D:2      | Noticed Natasha
  1157 | D:2      | Killed Natasha
  1158 | D:2      | Reached skill level 6 in Ranged Weapons
  1158 | D:2      | Reached XP level 4. HP: 37/37 MP: 3/3
  1164 | D:2      | You fall into a shaft and drop 1 floor!
  1248 | D:3      | Found a hazy altar of Hepliaklqana.
  1301 | D:3      | Reached skill level 7 in Ranged Weapons
  1312 | D:3      | Became a worshipper of Hepliaklqana the Forgotten
  1421 | D:2      | Reached XP level 5. HP: 42/42 MP: 4/4
  1954 | D:3      | Found a shimmering blue altar of Sif Muna.
  2024 | D:3      | Noticed Grinder
  2030 | D:3      | Paralysed by Grinder for 3 turns
  2035 | D:3      | Killed Grinder
  2036 | D:3      | Reached skill level 8 in Ranged Weapons
  2036 | D:3      | Reached XP level 6. HP: 23/50 MP: 5/5
  2363 | D:4      | Found a glowing drain.
  2393 | Sewer    | Entered a sewer
  2527 | Sewer    | Reached skill level 9 in Ranged Weapons
  2684 | Sewer    | Reached XP level 7. HP: 34/56 MP: 6/6
  3010 | D:4      | Reached * piety under Hepliaklqana
  3024 | D:4      | Reached skill level 10 in Ranged Weapons
  3097 | D:4      | Identified the +3 leather armour "Mazion Hem" {Harm rPois
                  | Will+++ Int-2}
  3450 | D:4      | Identified the +6 flail of the Evil Eye {heavy, Dex+4
                  | Stlth+}
  3455 | D:4      | Found a snail-covered altar of Cheibriados.
  3455 | D:4      | Noticed a torpor snail
  3455 | D:4      | Noticed a torpor snail
  3457 | D:4      | Noticed a torpor snail
  3497 | D:4      | Noticed Edmund
  3502 | D:4      | Killed Edmund
  3659 | D:5      | Entered Level 5 of the Dungeon
  3665 | D:5      | Reached skill level 11 in Ranged Weapons
  3665 | D:5      | Reached XP level 8. HP: 55/55 MP: 7/7
  3688 | D:5      | Found a staircase to the Ecumenical Temple.
  3963 | D:5      | Found a stormy altar of Qazlal.
  3964 | D:5      | Noticed an air elemental
  3975 | D:5      | Reached skill level 12 in Ranged Weapons
  4443 | D:5      | Reached ** piety under Hepliaklqana
  4444 | D:5      | Remembered your ancestor Artakama as a knight
  4738 | D:6      | Reached skill level 13 in Ranged Weapons
  4795 | D:6      | Reached XP level 9. HP: 61/61 MP: 8/8
  4856 | D:6      | Found an ornate altar of the Wu Jian Council.
  4856 | D:6      | Noticed Eustachio
  4876 | D:6      | Killed Eustachio
  4877 | D:6      | Reached skill level 14 in Ranged Weapons
  4970 | D:6      | Found a runed translucent door.
  4971 | D:6      | Noticed Crazy Yiuf
  4977 | D:6      | Killed Crazy Yiuf
  5160 | D:6      | Found an iron altar of Okawaru.
  5160 | D:6      | Found a sparkling altar of Nemelex Xobeh.
  5165 | D:6      | Found a glowing silver altar of Zin.
  5165 | D:6      | Found a shimmering altar of Xom.
  5433 | D:7      | Reached skill level 15 in Ranged Weapons
  6142 | D:8      | Found a flagged portal.
  6152 | Bailey   | Entered a bailey
  6157 | Bailey   | Reached *** piety under Hepliaklqana
  6168 | Bailey   | Reached skill level 16 in Ranged Weapons
  6168 | Bailey   | Reached XP level 10. HP: 44/66 MP: 9/9
  6614 | Bailey   | Noticed an orc knight
  6616 | Bailey   | Noticed an orc knight
  6619 | Bailey   | HP: 3/71 [orc warrior/+0 glaive (38)]
  6620 | Bailey   | Mangled by an orc warrior

Illustrated notes

Levels and vault maps discovered:
D:1:      minmay_arrival_stair_chambers, layout_basic, serial_shops,
          nicolae_shop_behind_doors, serial_bayou_ford_a
D:2:      layout_basic, uniq_natasha
D:3:      layout_loops_ring, lemuel_doored_altar, mainiacjoe_overflow_boulevard,
          uniq_grinder
D:4:      minmay_thinvault, layout_rooms, cheibriados_altar_2,
          gup_sewer_entry_glass, uniq_edmund
D:5:      layout_basic, nicolae_qazlal_style_of_elements,
          minmay_temple_entry_wispy, minmay_quadrilaterals
D:6:      layout_basic, nicolae_wu_jian_wuxing_cycle,
          grunt_temple_overflow_open, uniq_crazy_yiuf_cottage, uniq_eustachio
D:7:      layout_loops_corners
D:8:      layout_rooms, mainiacjoe_overflow_alcove_4,
          mainiacjoe_overflow_tiny_flanked, enter_bailey_6, uniq_erica
Bailey:   bailey_polearm_2, bailey

Skill      XL: |  1  2  3  4  5  6  7  8  9 10 |
---------------+-------------------------------+-----
Ranged Weapons | 5 6 7 8 9 11 13 16 | 16.0
Fighting       | 4 |  4.2
Dodging        | 3 |  3.9
Stealth        | |  0.7

Action                   |  1- 3 |  4- 6 |  7- 9 | 10-12 || total
-------------------------+-------+-------+-------+-------++-------
 Fire: Shortbow          |    97 |   183 |   269 |    35 ||   584
Invok: Recall Ancestor   |       |       |     1 |       ||     1
       Ancestor Identity |       |       |     1 |       ||     1
       Ancestor Life: Kn |       |       |     1 |       ||     1
  Use: Scroll            |       |     7 |     1 |       ||     8
       Potion            |       |       |       |     1 ||     1
Armor: Leather armour    |     5 |    32 |    10 |     3 ||    50
Dodge: Dodged            |    14 |    56 |    48 |    17 ||   135

Table legend: (Time is in decaauts)
 A = Elapsed time spent in this place.
 B = Non-inter-level travel time spent in this place.
 C = Inter-level travel time spent in this place.
 D = Time resting spent in this place.
 E = Time spent auto-exploring this place.
 F = Levels seen in this place.
 G = Mean time per level.
                   A        B        C        D        E       F      G
               +--------+--------+--------+--------+--------+-----+--------+
         Total |   6909 |   6729 |    180 |      0 |   5354 |  10 |  690.9 |
       Dungeon |   5780 |   5600 |    180 |      0 |   4583 |   8 |  722.5 |
         Sewer |    612 |    612 |      0 |      0 |    377 |   1 |  612.0 |
        Bailey |    516 |    516 |      0 |      0 |    392 |   1 |  516.0 |
               +--------+--------+--------+--------+--------+-----+--------+

Top non-repeatable levels by time:
     D:5: 1060 daAuts
     D:7: 918 daAuts
     D:3: 904 daAuts
     D:4: 816 daAuts
     D:2: 768 daAuts
     D:1: 743 daAuts
   Sewer: 612 daAuts
     D:6: 558 daAuts
  Bailey: 516 daAuts
     D:8: 9 daAuts
